 Dungeon Crawl Stone Soup version 0.32-a0-960-g3814254bd7 (webtiles) character file.

Game seed: 11439477693134138364

184 funkygono the Magician (level 5, -2/28 HPs)
             Began as a Deep Elf Fire Elementalist on Apr 17, 2024.
             Slain by a gnoll
             ... wielding a +0 flail
              (6 damage)
             ... on level 3 of the Dungeon.
             The game lasted 00:04:36 (2805 turns).

funkygono the Magician (Deep Elf Fire Elementalist) Turns: 2805, Time: 00:04:37

Health: -2/28      AC:  3    Str: 11    XL:     5   Next: 36%
Magic:  12/14      EV: 11    Int: 22    God:
Gold:   90         SH:  0    Dex: 15    Spells: 11/14 levels left

rFire   . . .        r - +0 dagger (protect)
rCold   . . .        (no shield)
rNeg    . . .        a - +0 robe
rPois   .            (no helmet)
rElec   .            (no cloak)
rCorr   .            (no gloves)
SInv    .            q - +0 pair of boots
Will    .....        (no amulet)
Stlth   ++           f - +6 ring of strength
HPRegen 0.24/turn    (no ring)
MPRegen 0.14/turn

%: no passive effects
@: no status effects
A: no striking features
a: no special abilities


You were on level 3 of the Dungeon.
You visited 1 branch of the dungeon, and saw 3 of its levels.

You collected 90 gold pieces.

Inventory:

Hand Weapons
 l - a +0 short sword
 o - a +0 dagger of venom
 r - a +0 dagger of protection (weapon)
Armour
 a - a +0 robe (worn)
 k - a +0 leather armour
 q - a +0 pair of boots (worn)
Jewellery
 f - a +6 ring of strength (left hand)
Wands
 s - a wand of mindburst (7)
Scrolls
 c - 2 scrolls of revelation {unknown}
 e - a scroll of immolation {unknown}
 g - a scroll of brand weapon {unknown}
 h - 2 scrolls of teleportation {unknown}
 m - a scroll of enchant weapon {unknown}
 n - a scroll of fear {unknown}
 p - a scroll of identify {unknown}
Potions
 b - a potion of magic
 d - a potion of haste {unknown}
 i - a potion of curing {unknown}
 j - 4 potions of attraction {unknown}


   Skills:
 + Level 2.5 Dodging
 + Level 3.1 Stealth
 + Level 5.0 Spellcasting
 + Level 2.2 Conjurations
 + Level 5.0 Fire Magic


You had 11 spell levels left.
You knew the following spells:

 Your Spells              Type           Power      Damage    Failure   Level
a - Foxfire               Conj/Fire      84%        2x1d8     2%          1
b - Scorch                Fire           54%        2d7       1%          2

Your spell library contained the following spells:

 Spells                   Type           Power      Damage    Failure   Level
 Inner Flame              Hex/Fire       16%        N/A       11%         3
 Volatile Blastmotes      Fire/Tloc      32%        2d12      11%         3
 Flame Wave               Conj/Fire      21%        2d8       22%         4


Dungeon Overview and Level Annotations

Branches:
Dungeon (3/15)

Altars:

Shops:
D:2 [


Message History

Unknown command.
Casting: Scorch (safe; 1% risk of failure)
Confirm with . or Enter, or press ? or * to list all spells.
Flames lash the gnoll.
The gnoll is severely wounded.
The gnoll's fire resistance burns away.
Unknown command.
You barely miss the gnoll.
The gnoll is severely wounded.
A rat comes into view.
The gnoll barely misses you. The gnoll closely misses you.
The gnoll attacks as it pursues you! The gnoll closely misses you.
The gnoll attacks as it pursues you! The gnoll hits you with a +0 club.
There is a stone staircase leading up here.
The gnoll hits you with a +0 club.
You climb upwards.
There is a stone staircase leading down here.
Casting: Scorch (safe; 1% risk of failure)
Confirm with . or Enter, or press ? or * to list all spells.
You conjure some foxfire!
The gnoll hits you with a +0 club.
Casting: Foxfire (safe; 2% risk of failure)
Confirm with . or Enter, or press ? or * to list all spells.
Flames lash the gnoll.
You kill the gnoll!
Your Conjurations skill increases to level 2!
Unknown command.
Your foxfire dissipates!
HP restored.
Magic restored.
Done exploring.
You climb downwards.
The gnoll hits you with a +0 flail! x2
* * * LOW HITPOINT WARNING * * *
There is a stone staircase leading up, spattered with blood here.
Casting: Scorch (safe; 1% risk of failure)
Confirm with . or Enter, or press ? or * to list all spells.
Flames lash the gnoll.
The gnoll is heavily wounded.
The gnoll's fire resistance burns away.
The gnoll hits you with a +0 flail.
You die...

#..........#
##..........#########
#.........#.......... .
#......................
##.......#.###.####..(..
........##.# #gS)r...<..
>..........###.###......
........<##...g### .....
...............@.# ....
#.#...#..##..###.# .##
#.#...#......# .# #
#.##.##..#..## .#
##.##.#...#...###.#
#...#.#.#####... ..
..........# .†.....
.†...#.#..#.#####..
..........<......


You could see a gnoll (combustible).

Vanquished Creatures
  Natasha (thrice) (D:2)
  2 adders (D:2)
  3 gnolls
  4 dart slugs
  2 ball pythons
  4 endoplasms
  7 goblins
  7 hobgoblins
  4 jackals (D:3)
  8 bats
  3 frilled lizards
  6 kobolds
  3 rats (D:1)
56 creatures vanquished.

Vanquished Creatures (others)
  122 foxfires
122 creatures vanquished.

Grand Total: 178 creatures vanquished

Notes
Turn   | Place    | Note
-------+----------+-------------------------------------------
     0 | D:1      | funkygono the Deep Elf Fire Elementalist began the quest
                  | for the Orb.
     0 | D:1      | Reached XP level 1. HP: 10/10 MP: 6/6
   156 | D:1      | Reached XP level 2. HP: 15/15 MP: 2/8
   231 | D:1      | Learned a level 2 spell: Scorch
   968 | D:1      | Reached XP level 3. HP: 19/19 MP: 5/9
  1628 | D:2      | Noticed Natasha
  1634 | D:2      | Killed Natasha
  1635 | D:2      | Reached XP level 4. HP: 24/24 MP: 4/12
  2011 | D:2      | Noticed Natasha
  2014 | D:2      | Killed Natasha
  2183 | D:2      | Found Emaih's Antique Armour Shop.
  2183 | D:2      | Found a faded altar of an unknown god.
  2378 | D:2      | Noticed Natasha
  2389 | D:2      | Killed Natasha
  2390 | D:2      | Reached XP level 5. HP: 13/28 MP: 0/14
  2694 | D:3      | Reached skill level 5 in Spellcasting
  2696 | D:3      | Reached skill level 5 in Fire Magic
  2805 | D:3      | Slain by a gnoll

Illustrated notes

Levels and vault maps discovered:
D:1:      dpeg_arrival_more_subterranean_lakeside_camping, layout_loops_cross,
          minmay_close_crescents
D:2:      layout_basic, hellmonk_ecumenical_altar_leap_of_faith, serial_shops,
          nicolae_shop_trees, grunt_ministairs_14, uniq_natasha
D:3:      minmay_wonky_spiral, layout_loops_ring,
          nicolae_overflow_hallway_of_the_gods

Skill      XL: |  1  2  3  4  5 |
---------------+----------------+-----
Fire Magic     | 4 5 |  5.0
Spellcasting   | 4 5 |  5.0
Stealth        | 3 |  3.1
Conjurations   | 2 |  2.2
Dodging        | |  2.5

Action                     |  1- 3 |  4- 6 || total
---------------------------+-------+-------++-------
  Melee: Dagger            |     1 |     1 ||     2
   Cast: Foxfire           |    53 |    24 ||    77
         Scorch            |    12 |    19 ||    31
 Armour: Robe              |    10 |    12 ||    22
  Dodge: Dodged            |     8 |    10 ||    18

Table legend: (Time is in decaauts)
 A = Elapsed time spent in this place.
 B = Non-inter-level travel time spent in this place.
 C = Inter-level travel time spent in this place.
 D = Time resting spent in this place.
 E = Time spent auto-exploring this place.
 F = Levels seen in this place.
 G = Mean time per level.
                   A        B        C        D        E       F      G
               +--------+--------+--------+--------+--------+-----+--------+
         Total |   2806 |   2692 |    114 |     17 |   2201 |   3 |  935.3 |
       Dungeon |   2806 |   2692 |    114 |     17 |   2201 |   3 |  935.3 |
               +--------+--------+--------+--------+--------+-----+--------+

Top non-repeatable levels by time:
     D:2: 1475 daAuts
     D:1: 1141 daAuts
     D:3: 189 daAuts
